 Dungeon Crawl Stone Soup version 0.22-a0-265-g0d8bc90 (webtiles) character file.

44 JeffiDaFish the Cutter (level 3, -1/26 HPs)
             Began as a Kobold Chaos Knight on Mar 7, 2018.
             Slain by a gnoll
             ... wielding a +0 club
              (4 damage)
             ... on level 2 of the Dungeon.
             The game lasted 00:02:36 (1415 turns).

JeffiDaFish the Cutter (Kobold Chaos Knight)        Turns: 1415, Time: 00:02:36

Health: -1/26      AC:  9    Str: 10    XL:     3   Next: 85%
Magic:  3/3        EV: 13    Int: 13    God:    Xom [*.....]
Gold:   62         SH:  0    Dex: 14    Spells: 2/2 levels left

rFire    . . .     SeeInvis .   a - +0 short sword (chaos)
rCold    . . .     Gourm    +   (shield restricted)
rNeg     . . .     Faith    .   g - +3 ring mail
rPois    .         Spirit   .   (helmet restricted)
rElec    .         Reflect  .   (no cloak)
rCorr    .         Harm     .   b - +0 pair of gloves
MR       .....                  (no boots)
Stlth    +.........             d - amulet of the gourmand
HPRegen  0.08/turn              e - ring of wizardry
MPRegen  0.08/turn              (no ring)

@: no status effects
A: small, antennae 1, carnivore, robust 1, screaming 1
a: Renounce Religion


You were on level 2 of the Dungeon.
You worshipped Xom.
You were a special plaything of Xom.
You were very full.

You visited 1 branch of the dungeon, and saw 2 of its levels.

You collected 62 gold pieces.

Inventory:

Hand Weapons
 a - a +0 short sword of chaos (weapon)
Armour
 b - a +0 pair of gloves (worn)
 g - a +3 ring mail (worn)
Jewellery
 d - an amulet of the gourmand (around neck)
 e - a ring of wizardry (left hand)
Scrolls
 h - a scroll of identify
Potions
 f - a potion of might
Comestibles
 c - 4 rations


   Skills:
 * Level 4.2 Fighting
 * Level 4.5 Short Blades
 + Level 1.0 Armour
 + Level 2.8 Dodging


You had 2 spell levels left.
You didn't know any spells.

Dungeon Overview and Level Annotations

Branches:
Dungeon (2/15)

Altars:


Innate Abilities, Weirdness & Mutations

You are small and have problems with some larger weapons.
You are carnivorous and can eat meat at any time.
You have a pair of small antennae on your head.
You are robust. (+10% HP)
You occasionally shout uncontrollably at your foes.


Message History

Your quokka bites the gnoll.
Your quokka bites the gnoll but does no damage.
Your quokka bites the gnoll.
The gnoll barely misses your quokka.
Your quokka barely misses the gnoll.
The gnoll closely misses you.
Your quokka bites the gnoll.
A gnoll comes into view. It is wielding a club.
Your quokka bites the kobold but does no damage. "Hum-dee-hum-dee-hum..."
The kobold seems to grow stronger.
The gnoll closely misses you. The gnoll barely misses you.
An adder comes into view.
You hit the gnoll but do no damage.
The gnoll is heavily wounded.
You closely miss the gnoll.
The gnoll is heavily wounded.
The gnoll hits you but does no damage. The gnoll hits you with a whip.
* * * LOW HITPOINT WARNING * * *
The gnoll hits you with a club.
You die...
Xom guffaws!

#.##.# ...#..###.
#####.##.#
#..#.#%... ........#
##......# .......#
#......###.
.......###..........
(>.....(...#.#.#####
###S##..#(...(......
#.##.r......###...
##@##...g##### ..
##g.##Kr.## .
##.g##{...#
#..#..{..##
#.(.....## #########


You could see 2 gnolls and an adder.

Vanquished Creatures
  An adder zombie (D:1)
  A worm (D:2)
  2 dart slugs (D:1)
  2 leopard geckos
  2 goblins
  2 hobgoblins
  5 jackals (D:1)
  5 kobolds
  5 bats
  2 frilled lizards (D:2)
  A giant cockroach zombie (D:1)
  4 rats
32 creatures vanquished.

Vanquished Creatures (others)
  A kobold (D:1)
1 creature vanquished.

Grand Total: 33 creatures vanquished

Notes
Turn   | Place    | Note
-------+----------+-------------------------------------------
     0 | D:1      | JeffiDaFish the Kobold Chaos Knight began the quest for the Orb.
     0 | D:1      | Reached XP level 1. HP: 14/14 MP: 1/1
    24 | D:1      | Gained mutation: You have a pair of small antennae on your head. [potion of mutation]
    24 | D:1      | Gained mutation: You occasionally shout uncontrollably at your foes. [potion of mutation]
    24 | D:1      | Gained mutation: You are robust. (+10% HP) [potion of mutation]
   107 | D:1      | XOM: harmless Ice miscast
   119 | D:1      | Reached XP level 2. HP: 18/22 MP: 2/2
   537 | D:1      | Reached XP level 3. HP: 26/26 MP: 3/3
   710 | D:1      | Reached skill level 1 in Armour
   912 | D:1      | XOM: divination: detect creatures
   999 | D:1      | XOM is BORED!
   999 | D:1      | XOM: silly message
  1242 | D:2      | XOM: mild Tloc miscast
  1243 | D:2      | Noticed a spatial vortex
  1386 | D:2      | XOM: swap monsters
  1394 | D:2      | XOM: cast spell 'Summon Small Mammal'
  1396 | D:2      | XOM: noise
  1408 | D:2      | XOM: enchant monster (bad)
  1415 | D:2      | Slain by a gnoll

Vault maps used:
D:1:      saegor_arrival_fortress

Skill      XL: |  1  2  3 |
---------------+----------+-----
Fighting       | 4 |  4.2
Armour         | 1 |  1.0
Short Blades   | |  4.5
Dodging        | |  2.8

Action                   || total
-------------------------++-------
Melee: Short sword       ||   106
  Use: Potion            ||     2
       Scroll            ||     2
 Stab: Paralysed         ||     2
  Eat: Chunk             ||     9
Armor: Leather armour    ||    19
       Ring mail         ||    15
Dodge: Dodged            ||    83

Table legend:
 A = Spawn XP
 B = Non-spawn XP
 C = Spawn XP percentage of total XP
 D = Spawn monster count
 E = Non-spawn monster count
 F = Spawn count percentage of total count
 G = Total turns spent on level
                    A         B        C        D         E        F      G
               +---------+---------+-------+---------+---------+-------+---------
         Total |       0 |      63 |   0.0 |       0 |      33 |   0.0 |  1415
               +---------+---------+-------+---------+---------+-------+---------
           D:1 |       0 |      42 |   0.0 |       0 |      21 |   0.0 |  1214
           D:2 |       0 |      21 |   0.0 |       0 |      12 |   0.0 |   201
               +---------+---------+-------+---------+---------+-------+---------
